 Dungeon Crawl Stone Soup version 0.28.0-53-g5a82cb258f (webtiles) character file.

Game seed: 15910230959267719877

326 MiltankisOP the Shield-Bearer (level 6, 0/47 HPs)
             Began as a Formicid Fighter on June 14, 2022.
             Slain by Edmund
             ... wielding a +2 vorpal flail
              (9 damage)
             ... on level 4 of the Dungeon.
             The game lasted 00:04:47 (4274 turns).

MiltankisOP the Shield-Bearer (Formicid Fighter)    Turns: 4274, Time: 00:04:48

Health: 0/47       AC: 10    Str: 23    XL:     6   Next: 79%
Magic:  6/6        EV:  8    Int:  7    God:
Gold:   206        SH:  5    Dex: 10    Spells: 5/5 levels left

rFire   . . .      SeeInvis +   a - +0 quarterstaff
rCold   . . .      Faith    .   c - +0 buckler
rNeg    . . .      Spirit   .   q - +0 chain mail
rPois   .          Reflect  .   (helmet unavailable)
rElec   .          Harm     .   (no cloak)
rCorr   .          Rampage  .   (no gloves)
Will    .....                   (no boots)
Stlth   ..........              (no amulet)
HPRegen 0.15/turn               (no ring)
MPRegen 0.10/turn               (no ring)

@: mighty
A: permanent stasis, dig shafts and tunnels, antennae 3, four strong arms
a: Dig, Shaft Self


You were on level 4 of the Dungeon.
You visited 1 branch of the dungeon, and saw 4 of its levels.

You collected 206 gold pieces.

Inventory:

Hand Weapons
 a - a +0 quarterstaff (weapon)
 o - the +6 dagger of a volcano {pain, rElec Will- Int-2 Dex+6}
   (You found it on level 4 of the Dungeon)

   In the hands of one skilled in necromantic magic, it inflicts extra damage on
   living creatures.
   Int:       It affects your intelligence (-2).
   Dex:       It affects your dexterity (+6).
   rElec:     It insulates you from electricity.
   Will:      It decreases your willpower.
Armour
 b - a +0 scale mail
 c - a +0 buckler (worn)
 q - a +0 chain mail (worn)
Jewellery
 m - a ring of wizardry
Wands
 p - a wand of iceblast (11)
Scrolls
 e - 5 scrolls of identify {unknown}
 f - 2 scrolls of magic mapping {unknown}
 j - a scroll of enchant armour {unknown}
 k - a scroll of enchant weapon {unknown}
 n - a scroll of brand weapon {unknown}
Potions
 d - a potion of might
 g - 3 potions of curing {unknown}
 h - 2 potions of mutation {unknown}
 i - a potion of haste {unknown}
 l - a potion of berserk rage


   Skills:
 - Level 3.2 Fighting
 - Level 2.0 Staves
 + Level 6.2 Armour
 - Level 6.2 Shields


You had 5 spell levels left.
You didn't know any spells.
Your spell library contained the following spells:

 Spells                   Type           Power      Damage    Failure   Level
 Animate Dead             Necr           0%         N/A       100%        4
 Conjure Ball Lightning   Conj/Air       0%         3x3d6     100%        6
 Haunt                    Necr/Summ      0%         N/A       100%        7
 Discord                  Hex            0%         N/A       100%        8
 Disjunction              Tloc           0%         N/A       100%        8
 Infestation              Necr           0%         N/A       100%        8


Dungeon Overview and Level Annotations

Branches:
Dungeon (4/15)
 Temple: D:4-7

Altars:
Gozag
Makhleb

Shops:
D:1 [*

Annotations:
D:4 Edmund


Innate Abilities, Weirdness & Mutations

You cannot be hasted, slowed, berserked, paralysed or teleported.
You can dig through walls and to a lower floor.
You have a pair of large antennae on your head. (SInv)
Your four strong arms can wield two-handed weapons with a shield.


Message History

You now have 206 gold pieces (gained 8).
You sense a monster nearby.
Edmund the Younger comes into view.
He is wielding a +2 vorpal flail.
Edmund shouts!
Edmund is nearby!
You feel very mighty all of a sudden.
You closely miss Edmund. Edmund barely misses you.
You closely miss Edmund. Edmund closely misses you.
You sock Edmund!
Edmund is moderately wounded.
Edmund barely misses you.
You barely miss Edmund.
Edmund is moderately wounded.
Edmund hits you with a +2 vorpal flail.
Edmund says, "A flail is better than a scythe, any day of the week!"
Edmund closely misses you.
You closely miss Edmund.
Edmund is moderately wounded.
Edmund says, "A flail is better than a scythe, any day of the week!"
You block Edmund's attack.
You closely miss Edmund.
Edmund is moderately wounded.
You block Edmund's attack.
You sock Edmund!
Edmund is heavily wounded.
Edmund hits you with a +2 vorpal flail!
You closely miss Edmund.
Edmund is heavily wounded.
Edmund hits you with a +2 vorpal flail! You block Edmund's attack.
You barely miss Edmund.
Edmund is heavily wounded.
Edmund hits you with a +2 vorpal flail.
You hit Edmund.
Edmund is severely wounded.
Edmund hits you with a +2 vorpal flail!
* * * LOW HITPOINT WARNING * * *
x2 You hit Edmund.
Edmund is almost dead.
Edmund hits you with a +2 vorpal flail!
You die...

#.. #.#### #
#.#.. .. #.#.#
... #.#.##....
#.........
#.........
#.@@......
########.#.......
#........#.......
#.#####..#.......
#### #.#
#..#.#.###.
#####... #.#
#..#.... .......
#.### #..#.. ..
..##...
#.#.###..#.# ##.
#.##...
#.#......#
#.##...


You could see Edmund.

Vanquished Creatures
  A phantom (D:4)
  A scorpion (D:4)
  An iguana (D:4)
  Natasha (twice) (D:2)
  An adder (D:2)
  4 gnolls (D:3)
  2 worms
  3 orcs
  4 ball pythons
  10 endoplasms
  A giant cockroach (D:1)
  8 goblins
  8 hobgoblins
  6 jackals (D:1)
  4 kobolds
  2 quokkas
  A bat (D:1)
  3 rats
62 creatures vanquished.

Notes
Turn   | Place    | Note
-------+----------+-------------------------------------------
     0 | D:1      | MiltankisOP the Formicid Fighter began the quest for the
                  | Orb.
     0 | D:1      | Reached XP level 1. HP: 18/18 MP: 1/1
   166 | D:1      | Found Conybof's Assorted Antiques.
   176 | D:1      | Found Fomm's Armour Shoppe.
   185 | D:1      | Reached XP level 2. HP: 24/24 MP: 2/2
   547 | D:1      | Found a faded altar of an unknown god.
   552 | D:1      | Reached XP level 3. HP: 18/29 MP: 3/3
  1179 | D:2      | Noticed Natasha
  1182 | D:2      | Killed Natasha
  1183 | D:2      | Reached XP level 4. HP: 35/35 MP: 4/4
  1195 | D:2      | Found a burning altar of Makhleb.
  1305 | D:2      | Reached skill level 5 in Shields
  1876 | D:2      | Noticed Natasha
  1884 | D:2      | Killed Natasha
  1885 | D:2      | Reached XP level 5. HP: 15/41 MP: 5/5
  2273 | D:3      | Reached skill level 5 in Armour
  3118 | D:4      | Reached XP level 6. HP: 8/47 MP: 6/6
  3601 | D:4      | Identified the +6 dagger of a volcano {pain, rElec Will-
                  | Int-2 Dex+6}
  3835 | D:4      | Found an opulent altar of Gozag.
  4260 | D:4      | Noticed Edmund
  4274 | D:4      | Slain by Edmund

Illustrated notes

Levels and vault maps discovered:
D:1:      shiori_arrival_oz, layout_loops_ring, serial_shops, shop,
          nicolae_shop_window_shopping, shapermc_ecumenical_altar_notcrosses
D:2:      layout_loops_ring, basic_altar, uniq_natasha
D:3:      layout_loops_ring, minmay_misc_feat_roman, hangedman_decor_peaks_small
D:4:      layout_basic, grunt_gozag_breadcrumbs, minmay_misc_feat_chi,
          uniq_edmund, uniq_crazy_yiuf_cottage

Skill      XL: |  1  2  3  4  5  6 |
---------------+-------------------+-----
Shields        | 4 5 6 |  6.2
Armour         | 4 5 6 |  6.2
Fighting       | |  3.2
Staves         | |  2.0

Action                   |  1- 3 |  4- 6 || total
-------------------------+-------+-------++-------
Melee: Quarterstaff      |    73 |   138 ||   211
  Use: Potion            |       |     1 ||     1
Armor: Scale mail        |    22 |    25 ||    47
       Chain mail        |       |     4 ||     4
Dodge: Dodged            |    36 |    47 ||    83
Block: Buckler           |    17 |    30 ||    47
